 Dungeon Crawl Stone Soup version 0.26-a0-652-gafc20e3620 (webtiles) character file.

Game seed: 624893146463884100

12 GarryLv the Digger (level 2, -1/19 HPs)
             Began as a Formicid Earth Elementalist on Oct 2, 2020.
             Was an Initiate of Okawaru.
             Slain by a scorpion (10 damage)
             ... on level 2 of the Dungeon on Oct 3, 2020.
             The game lasted 00:05:26 (526 turns).

GarryLv the Digger (Formicid Earth Elementalist)     Turns: 526, Time: 00:05:27

Health: -1/19      AC:  2    Str: 12    XL:     2   Next: 45%
Magic:  3/5        EV: 12    Int: 14    God:    Okawaru [......]
Gold:   29         SH:  0    Dex: 11    Spells: 2/5 levels left

rFire    + . .     SeeInvis +   h - +4 dagger
rCold    . . .     Faith    .   (no shield)
rNeg     . . .     Spirit   .   c - +0 robe
rPois    .         Reflect  .   (helmet unavailable)
rElec    .         Harm     .   (no cloak)
rCorr    .         Rampage  .   (no gloves)
MR       .....                  (no boots)
Stlth    ++........             (no amulet)
HPRegen  0.06/turn              a - ring of protection from fire
MPRegen  0.09/turn              (no ring)

@: lethally poisoned (-1 -> -15)
A: permanent stasis, dig shafts and tunnels, four strong arms, antennae 3
a: Dig, Shaft Self, Renounce Religion


You were on level 2 of the Dungeon.
You worshipped Okawaru.
Okawaru was noncommittal.
You visited 1 branch of the dungeon, and saw 2 of its levels.

You collected 29 gold pieces.

Inventory:

Hand Weapons
 e - a +0 falchion
 h - a +4 dagger (weapon)
Missiles
 b - 61 stones (quivered)
 f - 3 curare-tipped darts
Armour
 c - a +0 robe (worn)
 g - a +0 ring mail
Jewellery
 a - a ring of protection from fire (left hand)
Scrolls
 d - a scroll of identify


   Skills:
 + Level 2.0 Dodging
 + Level 2.4 Stealth
 + Level 2.4 Spellcasting
 + Level 1.1 Transmutations
 + Level 4.0 Earth Magic


You had 2 spell levels left.
You knew the following spells:

 Your Spells              Type           Power        Failure   Level
a - Sandblast             Erth           ##....       4%          1
b - Passwall              Tmut/Erth      #.......     12%         2

Your spell library contained the following spells:

 Spells                   Type           Power        Failure   Level
 Stone Arrow              Conj/Erth      #.....       30%         3
 Petrify                  Tmut/Erth      #.......     61%         4
 Lee's Rapid Deconstruct  Erth           ##........   75%         5


Dungeon Overview and Level Annotations

Branches:
Dungeon (2/15)

Altars:
Okawaru


Innate Abilities, Weirdness & Mutations

You cannot be hasted, slowed, berserked, paralysed or teleported.
You can dig through walls and to a lower floor.
Your four strong arms can wield two-handed weapons with a shield.
You have a pair of large antennae on your head. (SInv)


Message History

Aim: a scorpion The blast of sand misses the scorpion.
b - 62 stones The scorpion closely misses you.
Casting: Sandblast (safe; 4% risk of failure)
Confirm with . or Enter, or press ? or * to list all spells.
Aiming: Sandblast (safe; 4% risk of failure)
Press: ? - help, Shift-Dir - straight line, f/p - scorpion
Aim: a scorpion The blast of sand hits the scorpion but does no damage.
b - 61 stones The scorpion stings you.
You are lethally poisoned!
The scorpion poisons you!
Welcome back, GarryLv the Formicid Earth Elementalist.
Okawaru says: Bring me glory in combat!
Press ? for a list of commands and other information.
You closely miss the scorpion.
You feel sick. The scorpion stings you!
Ouch! That really hurt!
You die...

#.#.# #.# #.#.. #.#
#.#.# # #.# #.#.#.# #.#
#.#.#.# #.# #.#... #.#
#..####.#.###########.#
#......@..>........)#.#
#.##..#s#.#########.#.#
#. #.#.# #.#.# # {#.#.#
#.#.# #.#.# #.#.# #.#.#
###.#.# #.#.. +...#'##
#.### #<...# +###....#


You could see a scorpion.

Vanquished Creatures
  A giant cockroach (D:1)
  3 goblins
  3 hobgoblins (D:1)
  2 kobolds (D:1)
  A frilled lizard (D:1)
10 creatures vanquished.

Notes
Turn   | Place    | Note
-------+----------+-------------------------------------------
     0 | D:1      | GarryLv the Formicid Earth Elementalist began the quest for
                  | the Orb.
     0 | D:1      | Reached XP level 1. HP: 13/13 MP: 3/3
   169 | D:1      | Reached XP level 2. HP: 18/19 MP: 1/5
   171 | D:1      | Found an iron altar of Okawaru.
   198 | D:1      | Became a worshipper of Warmaster Okawaru
   294 | D:1      | Learned a level 2 spell: Passwall
   319 | D:1      | Reached skill level 4 in Earth Magic
   522 | D:2      | Noticed a scorpion
   526 | D:2      | Slain by a scorpion

Illustrated notes

Levels and vault maps discovered:
D:1:      lightli_iron_boxes, layout_loops_cross, amethyst_killhole,
          serial_bayou_pond_d, st_stairs_6, dk_noncrumbling_4,
          okawaru_ov_weapons_minmay
D:2:      layout_basic

Skill      XL: |  1  2 |
---------------+-------+-----
Dodging        | 2 |  2.0
Earth Magic    | 4 |  4.0
Stealth        | |  2.4
Spellcasting   | |  2.4
Transmutations | |  1.1

Action                   || total
-------------------------++-------
Melee: Unarmed           ||    16
       Falchion          ||     4
       Dagger            ||     1
 Cast: Sandblast         ||    10
       Passwall          ||     2
  Use: Scroll            ||     1
 Stab: Sleeping          ||     2
Armor: Robe              ||     1
Dodge: Dodged            ||    13
       Rpst.: Falchion   ||     1

Table legend: (Time is in decaauts)
 A = Elapsed time spent in this place.
 B = Non-inter-level travel time spent in this place.
 C = Inter-level travel time spent in this place.
 D = Time resting spent in this place.
 E = Time spent auto-exploring this place.
 F = Levels seen in this place.
 G = Mean time per level.
                   A        B        C        D        E       F      G
               +--------+--------+--------+--------+--------+-----+--------+
         Total |    525 |    511 |     14 |     78 |      0 |   2 |  262.5 |
       Dungeon |    525 |    511 |     14 |     78 |      0 |   2 |  262.5 |
               +--------+--------+--------+--------+--------+-----+--------+

Top non-repeatable levels by time:
     D:1: 470 daAuts
     D:2: 55 daAuts
